 Dungeon Crawl Stone Soup version 0.23.2-40-g277498a (webtiles) character file.

Game seed: 10752707518189425877

117 Aphrodieselac the Charmwright (level 5, 0/38 HPs)
             Began as a Merfolk Skald on Aug 26, 2019.
             Succumbed to an adder's poison
             ... on level 2 of the Dungeon.
             The game lasted 00:08:33 (2167 turns).

Aphrodieselac the Charmwright (Merfolk Skald)       Turns: 2167, Time: 00:08:33

Health: 0/38       AC:  3    Str:  8 (11) XL:     5   Next: 1%
Magic:  7/8        EV: 12    Int: 12 (14) God:
Gold:   99         SH:  0    Dex: 10 (13) Spells: 7/8 levels left

rFire    . . .     SeeInvis .   a - +0 spear
rCold    . . .     Gourm    .   (no shield)
rNeg     . . .     Faith    .   b - +0 leather armour
rPois    .         Spirit   .   (no helmet)
rElec    .         Reflect  .   (no cloak)
rCorr    .         Harm     .   (no gloves)
MR       .....                  (no boots)
Stlth    +.........             (no amulet)
HPRegen  0.12/turn              (no ring)
MPRegen  0.11/turn              (no ring)

@: lethally poisoned (0 -> -7), infused, hasted, very quick
A: change form in water, swift swim, stealthy swim
a: no special abilities


You were on level 2 of the Dungeon.
You were hungry.

You visited 1 branch of the dungeon, and saw 3 of its levels.

You collected 99 gold pieces.

Inventory:

Hand Weapons
 a - a +0 spear (weapon)
Armour
 b - a +0 leather armour (worn)
Jewellery
 e - an uncursed amulet of magic regeneration {unknown}
 g - an uncursed ring of poison resistance {unknown}
 j - a +1 ring of evasion {unknown}
 m - a +3 ring of evasion {unknown}
Scrolls
 h - a scroll of teleportation
 i - 4 scrolls of identify
 k - a scroll of remove curse {unknown}
 n - a scroll of amnesia
Comestibles
 d - a ration
 l - 3 chunks of flesh


   Skills:
 - Level 2.1 Fighting
 + Level 4.8 Polearms
 - Level 0.6 Armour
 - Level 2.6 Dodging
 - Level 2.0 Spellcasting
 * Level 5.3 Charms


You had 7 spell levels left.
You knew the following spells:

 Your Spells              Type           Power        Failure   Level  Hunger
a - Infusion              Chrm           ##..         4%          1    ##.....

Your spell library contained the following spells:

 Spells                   Type           Power        Failure   Level  Hunger
 Song of Slaying          Chrm           ##......     6%          2    ###....
 Shroud of Golubria       Chrm/Tloc      #.........   19%         2    ###....
 Beastly Appendage        Tmut           #.....       36%         1    ##.....
 Regeneration             Chrm/Necr      #.........   36%         3    ####...
 Spectral Weapon          Hex/Chrm       #.......     36%         3    ####...
 Sticks to Snakes         Tmut           #.......     50%         2    ###....
 Spider Form              Tmut/Pois      #.........   75%         3    ####...
 Ice Form                 Ice/Tmut       #.......     98%         4    #####..
 Blade Hands              Tmut           #.........   100%        5    ######.


Dungeon Overview and Level Annotations

Branches:
Dungeon (3/15)

Altars:
Vehumet

Annotations:
D:3 Sigmund


Message History

It was a potion of haste.
You feel yourself speed up.
* * * LOW HITPOINT WARNING * * *
You feel sick. The adder completely misses you.
* * * LOW HITPOINT WARNING * * *
You feel sick.
* * * LOW HITPOINT WARNING * * *
You feel sick.
* * * LOW HITPOINT WARNING * * *
You feel sick.
* * * LOW HITPOINT WARNING * * *
You feel sick.
* * * LOW HITPOINT WARNING * * *
You feel sick.
You see here a worm corpse.
* * * LOW HITPOINT WARNING * * *
You feel sick.
Some of the chunks of flesh in your inventory have rotted away.
There is a stone staircase leading up, spattered with blood here.
You climb upwards.
You die...

..........##.###.## ###..###
#.#####......# #..# #....... #.#
######.###..# #.###### ..##
#......# #.# ...# ###.##.# #.####
.#.# #.##.# #.##.## .#.# #.##.#
#.#.#.##
.#.###########[##.########..###.#
.#.##...........@.#........## ##.
.#.##.########.)..#.######..###..
.#.##.# ##........#####.#.##
.#.##.# ##.#.#............##
.#[##.## #####.......#.#####....#
.......# #.......#...#.# #.....
######.# #.###..>....#.# ##....#
...# #.###....#.###.)#.# ##...###
##.###........#.# #..#.###.<#..##


There were no monsters in sight!

Vanquished Creatures
  Terence (D:2)
  2 adders (D:2)
  An ooze (D:2)
  3 worms
  2 leopard geckos
  An orc (D:2)
  3 ball pythons
  3 giant cockroaches
  3 hobgoblins
  8 jackals
  2 quokkas (D:2)
  8 bats
  2 frilled lizards (D:1)
  5 goblins
  7 kobolds
  4 rats
55 creatures vanquished.

Notes
Turn   | Place    | Note
-------+----------+-------------------------------------------
     0 | D:1      | Aphrodieselac the Merfolk Skald began the quest for the
                  | Orb.
     0 | D:1      | Reached XP level 1. HP: 16/16 MP: 3/3
   158 | D:1      | Reached XP level 2. HP: 17/22 MP: 5/5
   477 | D:1      | Reached skill level 4 in Charms
   919 | D:2      | Reached XP level 3. HP: 24/27 MP: 6/6
  1155 | D:2      | Found a radiant altar of Vehumet.
  1239 | D:2      | Reached XP level 4. HP: 8/33 MP: 4/7
  1893 | D:3      | Noticed Sigmund
  1912 | D:3      | Noticed Terence
  1914 | D:3      | Reached skill level 5 in Charms
  1936 | D:2      | Killed Terence
  2120 | D:3      | Reached XP level 5. HP: 17/38 MP: 4/8
  2165 | D:3      | HP: 1/38 [poisoned by an adder]
  2167 | D:2      | Succumbed to an adder's poison

Skill      XL: |  1  2  3  4 |
---------------+-------------+-----
Charms         | 4 5 |  5.3
Polearms       | 4 |  4.8
Fighting       | |  2.1
Armour         | |  0.6
Dodging        | |  2.6
Spellcasting   | |  2.0

Action                   |  1- 3 |  4- 6 || total
-------------------------+-------+-------++-------
Melee: Spear             |   130 |    93 ||   223
 Cast: Infusion          |     6 |     7 ||    13
  Use: Scroll            |     3 |     1 ||     4
       Potion            |       |     2 ||     2
 Stab: Sleeping          |     1 |       ||     1
  Eat: Chunk             |     1 |     3 ||     4
Armor: Leather armour    |    37 |    17 ||    54
Dodge: Dodged            |    64 |    51 ||   115
